Patriotes vs Rafales
(R1)
Created - April 14, 2019 at 19:36
Goals
|
| Patriotes |
1 |
2 |
2 |
0 |
1 |
6 |
| Rafales |
1 |
2 |
2 |
0 |
0 |
5 |
|
Shots
|
| Patriotes |
13 |
9 |
9 |
0 |
3 |
31 |
| Rafales |
15 |
6 |
9 |
0 |
3 |
30 |
|
1st period
1. Rafales , Nathan Davis 35 (James Marcou 18, Kevin Veilleux 21) at 10:26
2. Patriotes , Cody Eakin 32 (Tyler Randell 50) at 17:53 (PP)
Penalties :
Anthony Bitetto (Nyc) for Hooking (Minor) at 0:48, Cody Eakin (Nyc) for Hooking (Minor) at 3:38, Cody McLeod (Stf) for Hooking (Minor) at 17:46
2nd period
3. Patriotes , Borna Rendulic 5 (Aleksander Barkov 29, Mario Lucia 1) at 2:43
4. Rafales , Nathan Davis 36 (Brian Ferlin 16, Connor Murphy 37) at 3:18
5. Patriotes , Justin Florek 24 (Cody Eakin 66) at 5:44 (PP)
6. Rafales , Cody McLeod 59 (Milan Bartovic 40, Matt Gilroy 47) at 6:11 (PP)
Penalties :
Matt Gilroy (Stf) for Roughing (Minor) at 5:15, Timothy Kunes (Nyc) for Hooking (Minor) at 5:57, Matt Gilroy (Stf) for Roughing (Double Minor) at 6:51, Akim Aliu (Stf) for Hooking (Minor) at 14:34
3rd period
7. Rafales , Mike Zigomanis 46 (Matt Gilroy 48, Connor Murphy 38) at 0:54
8. Rafales , Mike Zigomanis 47 (Dylan McIlrath 12, Julian Melchiori 18) at 7:53
9. Patriotes , Aleksander Barkov 18 (Anthony Bitetto 18) at 12:11
10. Patriotes , Shane Sims 7 (David Kolomatis 17, Borna Rendulic 9) at 15:34
Penalties :
Timothy Kunes (Nyc) for Roughing (Minor) at 8:15, Cody Eakin (Nyc) for Slashing (Minor) at 17:21
Overtime #1
No Goal
Penalties :
No Penalty
Shootout
Patriotes, Cody Eakin - Shot Misses the Net
Rafales, Mike Zigomanis - Stopped by Thomas Greiss
Patriotes, Tyler Randell - Shot Misses the Net
Rafales, Cody McLeod - Shot Misses the Net
Patriotes, Christian Hanson - Goal!
Rafales, James Sheppard - Shot Misses the Net
Penalties :
No Penalty
Goalie Stats
Thomas Greiss (Nyc), 25 saves from 30 shots - (0.833), W, 22-23-3, 65:00 minutes
Leland Irving (Stf), 26 saves from 31 shots - (0.839), OTL, 39-20-5, 65:00 minutes
Players Stats for Patriotes
Player Name G A P +/- PIM S H SB GA TA FO MP PP MP PK MP
------------------------------------------------------------------------------------
Aaron Ness 0 0 0 -1 0 0 0 0 0 0 0/0 10:42 0:49 0:00
Aleksander Barkov 1 1 2 1 0 2 2 0 0 0 1/6 11:29 0:00 0:00
Anthony Bitetto 0 1 1 -1 2 1 1 0 2 0 0/0 27:42 3:56 3:43
Austin Watson 0 0 0 -1 0 0 2 0 0 0 0/0 18:06 2:40 1:50
Borna Rendulic 1 1 2 1 0 4 3 0 0 1 0/0 12:10 0:42 0:00
Christian Hanson 0 0 0 -1 0 1 1 0 0 0 5/7 20:48 2:45 3:20
Cody Eakin 1 1 2 -1 4 9 2 0 0 0 21/36 24:50 2:53 2:28
David Kolomatis 0 1 1 1 0 1 2 0 0 4 0/0 23:06 2:27 3:11
Dillon Heatherington 0 0 0 0 0 0 0 0 0 0 0/0 5:04 0:00 0:31
Emerson Etem 0 0 0 -1 0 3 2 0 1 0 0/0 19:18 2:45 1:42
Jared Knight 0 0 0 -1 0 0 0 0 0 0 1/3 5:37 0:00 0:00
Justin Florek 1 0 1 0 0 1 1 0 1 1 1/1 16:48 2:58 0:00
Mario Lucia 0 1 1 1 0 0 0 1 0 0 0/1 12:01 0:32 0:00
Maxim Mamin 0 0 0 0 0 0 0 0 0 0 1/2 3:29 0:00 2:15
Riley Barber 0 0 0 -1 0 0 0 0 0 0 0/0 5:37 0:00 0:00
Robert Baillargeon 0 0 0 0 0 0 0 0 0 0 0/0 2:35 0:52 0:13
Ryan Fitzgerald 0 0 0 0 0 0 3 0 0 0 1/1 5:18 0:47 0:00
Shane Sims 1 0 1 1 0 3 2 2 0 2 0/0 22:53 2:27 3:11
Shea Theodore 0 0 0 -1 0 2 0 1 0 0 0/0 12:43 0:00 2:19
Timothy Kunes 0 0 0 -1 4 3 2 1 0 0 0/0 28:27 3:29 3:25
Tyler Randell 0 1 1 0 0 1 3 0 1 1 3/5 23:02 2:48 4:32
Players Stats for Rafales
Player Name G A P +/- PIM S H SB GA TA FO MP PP MP PK MP
------------------------------------------------------------------------------------
Akim Aliu 0 0 0 -1 2 1 0 0 0 0 0/0 6:38 0:00 0:00
Brian Ferlin 0 1 1 1 0 3 1 0 0 0 1/1 15:28 3:46 0:00
Carl Klingberg 0 0 0 0 0 4 2 1 0 0 0/0 14:18 0:08 2:00
Cedric Paquette 0 0 0 -1 0 1 2 0 0 0 1/3 9:37 0:08 1:18
Chris Terry 0 0 0 -1 0 0 0 0 0 0 0/0 6:55 0:00 0:19
Cody McLeod 1 0 1 1 2 4 5 1 2 0 2/2 26:00 4:16 3:20
Connor Murphy 0 2 2 1 0 1 2 1 0 0 0/0 29:57 4:43 3:35
Dylan McIlrath 0 1 1 -1 0 0 5 0 0 0 0/0 23:20 3:27 2:27
James Marcou 0 1 1 0 0 2 1 0 0 0 0/0 10:46 0:08 0:00
James Sheppard 0 0 0 1 0 1 3 0 1 0 0/0 18:59 3:46 2:10
Joey Laleggia 0 0 0 1 0 0 1 2 0 1 0/0 11:15 0:00 0:32
Julian Melchiori 0 1 1 -1 0 1 1 1 1 0 0/0 23:41 3:27 3:14
Kevin Veilleux 0 1 1 0 0 1 0 0 0 0 3/4 10:23 0:00 0:15
Matt Gilroy 0 2 2 1 6 0 3 1 0 2 0/0 28:02 4:43 1:04
Mike Zigomanis 2 0 2 1 0 7 1 1 1 1 15/37 26:23 4:16 3:28
Milan Bartovic 0 1 1 1 0 0 3 0 2 1 1/1 22:10 4:16 0:00
Nathan Davis 2 0 2 1 0 4 1 0 2 0 5/14 16:18 3:46 0:50
Slater Koekkoek 0 0 0 1 0 0 0 1 0 0 0/0 13:12 0:00 1:44
3 Stars
1 - Mike Zigomanis (Stf)
2 - Nathan Davis (Stf)
3 - Borna Rendulic (Nyc)
Power Play
Patriotes - 2 on 5 Attempt(s) - 40.00%
Rafales - 1 on 5 Attempt(s) - 20.00%
Penalty Kill
Patriotes - 4 on 5 Attempt(s) - 80.00%
- Score 0 goal in Penalty Kill
Rafales - 3 on 5 Attempt(s) - 60.00%
- Score 0 goal in Penalty Kill
Team Stat
Patriotes - Hits : 26 - Faceoff Wins : 34 - Blocked Shots : 5 - Penalty Minutes : 10
Rafales - Hits : 31 - Faceoff Wins : 28 - Blocked Shots : 9 - Penalty Minutes : 10
Official
Referees : Unknown
Linesman : Unknown
Game Notes
No Game Note
Finance
Level 1 -- Attendance: 1639 (81.95%) -- Ticket Income $65,560
Level 2 -- Attendance: 781 (78.10%) -- Ticket Income $15,620
Total Attendance: 2420 (80.67%)
Total Ticket Income: $81,180
Other Income: $4,059
Total Income: $85,239
Patriotes
5 vs 5 Forward
Center Left Wing Right Wing Time % Phy DF OF
1 Cody Eakin Justin Florek Tyler Randell 40 1 2 2
2 Christian Hanson Austin Watson Emerson Etem 30 1 2 2
3 Aleksander Barkov Mario Lucia Borna Rendulic 20 1 2 2
4 Jared Knight Cody Eakin Riley Barber 10 1 2 2
5 vs 5 Defense
Defense Defense Time % Phy DF OF
1 Timothy Kunes Anthony Bitetto 40 1 2 2
2 Shane Sims David Kolomatis 30 1 2 2
3 Aaron Ness Shea Theodore 20 1 2 2
4 Dillon Heatherington Timothy Kunes 10 1 2 2
PowerPlay Forward
Center Left Wing Right Wing Time % Phy DF OF
1 Cody Eakin Justin Florek Tyler Randell 60 1 2 2
2 Christian Hanson Austin Watson Emerson Etem 40 1 2 2
PowerPlay Defense
Defense Defense Time % Phy DF OF
1 Timothy Kunes Anthony Bitetto 60 1 2 2
2 Shane Sims David Kolomatis 40 1 2 2
Penalty Kill 4 Players Forward
Center Wing Time % Phy DF OF
1 Cody Eakin Tyler Randell 60 1 2 2
2 Christian Hanson Emerson Etem 40 1 2 2
Penalty Kill 4 Players Defense
Defense Defense Time % Phy DF OF
1 Timothy Kunes Anthony Bitetto 60 1 2 2
2 Shane Sims David Kolomatis 40 1 2 2
Penalty Kill - 3 Players Forward
Forward Time % Phy DF OF
1 Cody Eakin 60 1 2 2
2 Tyler Randell 40 1 2 2
Penalty Kill - 3 Players Defense
Defense Defense Time % Phy DF OF
1 Timothy Kunes Anthony Bitetto 60 1 2 2
2 Shane Sims David Kolomatis 40 1 2 2
4 vs 4 Forward
Center Wing Time % Phy DF OF
1 Cody Eakin Tyler Randell 60 1 2 2
2 Christian Hanson Emerson Etem 40 1 2 2
4 vs 4 Defense
Defense Defense Time % Phy DF OF
1 Timothy Kunes Anthony Bitetto 60 1 2 2
2 Shane Sims David Kolomatis 40 1 2 2
Last Minutes Offensive
Center Left Wing Right Wing Defense Defense
Cody Eakin Justin Florek Tyler Randell Timothy Kunes Anthony Bitetto
Last Minutes Defensive
Center Left Wing Right Wing Defense Defense
Cody Eakin Justin Florek Tyler Randell Timothy Kunes Anthony Bitetto
Goaltenders
Starting : Thomas Greiss
Backup : Andrei Vasilevskiy
Extra Forwards
Normal : Ryan Fitzgerald, Robert Baillargeon, Maxim Mamin - PP : Ryan Fitzgerald, Robert Baillargeon - PK : Maxim Mamin
Extra Defensemen
Normal : Aaron Ness, Shea Theodore, Dillon Heatherington - PP : Aaron Ness - PK : Shea Theodore, Dillon Heatherington
Penalty Shots
Cody Eakin, Tyler Randell, Christian Hanson, Emerson Etem, Aleksander Barkov
Scratches
Jason Zucker (Strained Back Injury), Matt Calvert (Healthy), Dale Weise (Healthy), Phoenix Copley (Healthy)
Rafales
5 vs 5 Forward
Center Left Wing Right Wing Time % Phy DF OF
1 Mike Zigomanis Cody McLeod Milan Bartovic 40 0 1 4
2 Nathan Davis James Sheppard Brian Ferlin 30 0 1 4
3 Kevin Veilleux Carl Klingberg James Marcou 20 1 1 3
4 Cedric Paquette Chris Terry Akim Aliu 10 2 1 2
5 vs 5 Defense
Defense Defense Time % Phy DF OF
1 Matt Gilroy Connor Murphy 40 1 3 1
2 Julian Melchiori Dylan McIlrath 30 1 3 1
3 Slater Koekkoek Joey Laleggia 20 1 3 1
4 Matt Gilroy Connor Murphy 10 1 3 1
PowerPlay Forward
Center Left Wing Right Wing Time % Phy DF OF
1 Mike Zigomanis Cody McLeod Milan Bartovic 60 0 0 5
2 Nathan Davis James Sheppard Brian Ferlin 40 0 0 5
PowerPlay Defense
Defense Defense Time % Phy DF OF
1 Matt Gilroy Connor Murphy 60 0 2 3
2 Julian Melchiori Dylan McIlrath 40 0 2 3
Penalty Kill 4 Players Forward
Center Wing Time % Phy DF OF
1 Mike Zigomanis Cody McLeod 60 1 3 1
2 James Sheppard Carl Klingberg 40 1 3 1
Penalty Kill 4 Players Defense
Defense Defense Time % Phy DF OF
1 Matt Gilroy Connor Murphy 60 2 3 0
2 Julian Melchiori Dylan McIlrath 40 2 3 0
Penalty Kill - 3 Players Forward
Forward Time % Phy DF OF
1 Mike Zigomanis 60 0 5 0
2 Cody McLeod 40 0 5 0
Penalty Kill - 3 Players Defense
Defense Defense Time % Phy DF OF
1 Matt Gilroy Connor Murphy 60 1 4 0
2 Julian Melchiori Dylan McIlrath 40 1 4 0
4 vs 4 Forward
Center Wing Time % Phy DF OF
1 Mike Zigomanis Cody McLeod 60 1 1 3
2 James Sheppard Carl Klingberg 40 1 1 3
4 vs 4 Defense
Defense Defense Time % Phy DF OF
1 Matt Gilroy Connor Murphy 60 1 3 1
2 Julian Melchiori Dylan McIlrath 40 1 3 1
Last Minutes Offensive
Center Left Wing Right Wing Defense Defense
Mike Zigomanis Cody McLeod Milan Bartovic Matt Gilroy Connor Murphy
Last Minutes Defensive
Center Left Wing Right Wing Defense Defense
Mike Zigomanis Cody McLeod Milan Bartovic Matt Gilroy Connor Murphy
Goaltenders
Starting : Leland Irving
Backup : Sean Maguire
Extra Forwards
Normal : Mike Zigomanis, Cody McLeod, Milan Bartovic - PP : Mike Zigomanis, Cody McLeod - PK : James Sheppard
Extra Defensemen
Normal : Connor Murphy, Matt Gilroy, Julian Melchiori - PP : Connor Murphy - PK : Matt Gilroy, Julian Melchiori
Penalty Shots
Mike Zigomanis, Cody McLeod, James Sheppard, Carl Klingberg, Nathan Davis
Scratches
Ben Sexton (Healthy), Ryan Bourque (Healthy), Ben Johnson (Healthy), Jayson Megna (Healthy), Brad Ross (Healthy)
Michael Ryder (Healthy), Ben Thomson (Healthy), Tyrell Goulbourne (Healthy), David Broll (Healthy), Stefan Chaput (Healthy)
Dennis Persson (Healthy), Maksim Mayorov (Healthy), Chris Driedger (Healthy)
% Time on Ice - Patriotes
Lines # - Real PCT - Wanted PCT - Time Play
Normal Forward
1 - 32% - 40% - 14:33
2 - 30% - 30% - 13:37
3 - 25% - 20% - 11:29
4 - 12% - 10% - 5:37
Normal Defense
1 - 39% - 40% - 17:37
2 - 34% - 30% - 15:14
3 - 20% - 20% - 9:10
4 - 7% - 10% - 3:15
PP Forward
1 - 55% - 60% - 3:36
2 - 45% - 40% - 2:58
PP Defense
1 - 63% - 60% - 4:07
2 - 37% - 40% - 2:27
PK Forward
1 - 79% - 60% - 6:28
2 - 21% - 40% - 1:42
PK Defense
1 - 61% - 60% - 4:59
2 - 39% - 40% - 3:11
PK3 Forward
1 - 0% - 60%
2 - 0% - 40%
PK3 Defense
1 - 0% - 60%
2 - 0% - 40%
44 Forward
1 - 75% - 60% - 3:46
2 - 25% - 40% - 1:14
44 Defense
1 - 60% - 60% - 2:59
2 - 40% - 40% - 2:01
Last Minute Offensive - 0:00
Last Minute Defensive - 0:00
Total
Forward - 65:00
Defense - 65:00
|
% Time on Ice - Rafales
Lines # - Real PCT - Wanted PCT - Time Play
Normal Forward
1 - 37% - 40% - 16:51
2 - 26% - 30% - 11:41
3 - 22% - 20% - 10:08
4 - 15% - 10% - 6:36
Normal Defense
1 - 40% - 40% - 18:12
2 - 32% - 30% - 14:33
3 - 24% - 20% - 10:57
4 - 3% - 10% - 1:34
PP Forward
1 - 54% - 60% - 4:24
2 - 46% - 40% - 3:46
PP Defense
1 - 58% - 60% - 4:43
2 - 42% - 40% - 3:27
PK Forward
1 - 84% - 60% - 5:32
2 - 16% - 40% - 1:02
PK Defense
1 - 84% - 60% - 5:32
2 - 16% - 40% - 1:02
PK3 Forward
1 - 0% - 60%
2 - 0% - 40%
PK3 Defense
1 - 0% - 60%
2 - 0% - 40%
44 Forward
1 - 95% - 60% - 4:44
2 - 5% - 40% - 0:16
44 Defense
1 - 57% - 60% - 2:51
2 - 43% - 40% - 2:09
Last Minute Offensive - 0:00
Last Minute Defensive - 0:00
Total
Forward - 65:00
Defense - 65:00
|
Play-by-Play
1st period
0:01 of 1st period - Tyler Randell wins face-off versus Mike Zigomanis in neutral zone.
0:04 of 1st period - Slapshot by Cody Eakin.
0:04 of 1st period - Stopped by Leland Irving with a rebound.
0:06 of 1st period - Snap shot by Cody Eakin.
0:06 of 1st period - Stopped by Leland Irving without a rebound.
0:07 of 1st period - Mike Zigomanis wins face-off versus Cody Eakin in Rafales zone.
0:48 of 1st period - Minor Penalty to Anthony Bitetto for Hooking.
0:49 of 1st period - Cody Eakin wins face-off versus Mike Zigomanis in Patriotes zone.
0:49 of 1st period - Cody Eakin is hit by Cody McLeod.
0:57 of 1st period - Slapshot by Cody Eakin.
0:57 of 1st period - Deflect By Tyler Randell.
0:57 of 1st period - Shot Misses the Net.
0:57 of 1st period - Puck is out of play.
0:58 of 1st period - Mike Zigomanis wins face-off versus Cody Eakin in Rafales zone.
1:16 of 1st period - Icing by Matt Gilroy.
1:17 of 1st period - Mike Zigomanis wins face-off versus Christian Hanson in Rafales zone.
1:28 of 1st period - Snap shot by Mike Zigomanis.
1:28 of 1st period - Stopped by Thomas Greiss with a rebound.
1:30 of 1st period - Slapshot by Mike Zigomanis.
1:30 of 1st period - Stopped by Thomas Greiss with a rebound.
1:32 of 1st period - Snap shot by Mike Zigomanis.
1:32 of 1st period - Shot Blocked by Shane Sims.
1:34 of 1st period - Slapshot by Mike Zigomanis.
1:34 of 1st period - Stopped by Thomas Greiss without a rebound.
1:35 of 1st period - Brian Ferlin wins face-off versus Cody Eakin in Patriotes zone.
1:36 of 1st period - Wrist shot by Nathan Davis.
1:36 of 1st period - Stopped by Thomas Greiss with a rebound.
1:38 of 1st period - Slapshot by Julian Melchiori.
1:38 of 1st period - Stopped by Thomas Greiss with a rebound.
1:40 of 1st period - Snap shot by Brian Ferlin.
1:40 of 1st period - Shot Misses the Net.
1:42 of 1st period - Slapshot by Brian Ferlin.
1:42 of 1st period - Stopped by Thomas Greiss with a rebound.
1:44 of 1st period - Slapshot by Julian Melchiori.
1:44 of 1st period - Shot Blocked by Shea Theodore.
1:50 of 1st period - Wrist shot by James Sheppard.
1:50 of 1st period - Stopped by Thomas Greiss with a rebound.
2:00 of 1st period - Cody Eakin is hit by Cody McLeod and loses puck.
2:20 of 1st period - Icing by James Sheppard.
2:21 of 1st period - Christian Hanson wins face-off versus Nathan Davis in Rafales zone.
2:34 of 1st period - Slapshot by Emerson Etem.
2:34 of 1st period - Shot Misses the Net.
2:36 of 1st period - Snap shot by Christian Hanson.
2:36 of 1st period - Shot Misses the Net.
2:48 of 1st period - Penalty to Anthony Bitetto is over, Anthony Bitetto is back on ice.
2:51 of 1st period - Icing by Milan Bartovic.
2:52 of 1st period - Milan Bartovic wins face-off versus Aleksander Barkov in Rafales zone.
2:52 of 1st period - Milan Bartovic is hit by Borna Rendulic.
2:58 of 1st period - Mario Lucia is hit by Cody McLeod and loses puck.
3:23 of 1st period - Wrist shot by Cody McLeod.
3:23 of 1st period - Deflect By Mike Zigomanis.
3:23 of 1st period - Stopped by Thomas Greiss without a rebound.
3:24 of 1st period - Nathan Davis wins face-off versus Cody Eakin in Patriotes zone.
3:38 of 1st period - Minor Penalty to Cody Eakin for Hooking.
3:39 of 1st period - Maxim Mamin wins face-off versus Mike Zigomanis in Patriotes zone.
4:41 of 1st period - Matt Gilroy is hit by Shane Sims and loses puck.
5:38 of 1st period - Penalty to Cody Eakin is over, Cody Eakin is back on ice.
5:59 of 1st period - Slapshot by Cody Eakin.
5:59 of 1st period - Stopped by Leland Irving with a rebound.
6:23 of 1st period - Wrist shot by Cody Eakin.
6:23 of 1st period - Shot Misses the Net.
6:29 of 1st period - Borna Rendulic is hit by Joey Laleggia and loses puck.
6:48 of 1st period - Slapshot by Jared Knight.
6:48 of 1st period - Shot Misses the Net.
6:50 of 1st period - Backhand shot by Shea Theodore.
6:50 of 1st period - Stopped by Leland Irving with a rebound.
7:06 of 1st period - Slapshot by Shane Sims.
7:06 of 1st period - Shot Misses the Net.
7:42 of 1st period - Wrist shot by Carl Klingberg.
7:42 of 1st period - Stopped by Thomas Greiss with a rebound.
7:44 of 1st period - Snap shot by Kevin Veilleux.
7:44 of 1st period - Stopped by Thomas Greiss with a rebound.
8:23 of 1st period - Shane Sims is hit by Carl Klingberg and loses puck.
8:45 of 1st period - Dylan McIlrath is hit by Tyler Randell.
9:25 of 1st period - Milan Bartovic is hit by Cody Eakin and loses puck.
10:06 of 1st period - David Kolomatis is hit by Cedric Paquette.
10:26 of 1st period - Slapshot by Nathan Davis.
10:26 of 1st period - Goal by Nathan Davis - Patriotes : 0 - Rafales : 1.
10:27 of 1st period - Mike Zigomanis wins face-off versus Cody Eakin in neutral zone.
10:54 of 1st period - Dylan McIlrath is hit by Christian Hanson and loses puck.
11:03 of 1st period - Wrist shot by Emerson Etem.
11:03 of 1st period - Shot Misses the Net.
11:23 of 1st period - James Marcou is hit by Borna Rendulic and loses puck.
11:40 of 1st period - Milan Bartovic is hit by Tyler Randell.
11:56 of 1st period - Slapshot by Cody Eakin.
11:56 of 1st period - Stopped by Leland Irving without a rebound.
11:57 of 1st period - Nathan Davis wins face-off versus Jared Knight in Rafales zone.
12:20 of 1st period - Christian Hanson is hit by Milan Bartovic and loses puck.
12:27 of 1st period - Snap shot by Cody McLeod.
12:27 of 1st period - Shot Misses the Net.
12:29 of 1st period - Wrist shot by Cody McLeod.
12:29 of 1st period - Stopped by Thomas Greiss with a rebound.
12:45 of 1st period - Emerson Etem is hit by Cedric Paquette and loses puck.
12:50 of 1st period - Snap shot by Chris Terry.
12:50 of 1st period - Shot Misses the Net.
13:29 of 1st period - Snap shot by Borna Rendulic.
13:29 of 1st period - Stopped by Leland Irving without a rebound.
13:30 of 1st period - Nathan Davis wins face-off versus Aleksander Barkov in Rafales zone.
13:37 of 1st period - Snap shot by Aleksander Barkov.
13:37 of 1st period - Stopped by Leland Irving without a rebound.
13:38 of 1st period - Cody McLeod wins face-off versus Cody Eakin in Rafales zone.
13:47 of 1st period - Slapshot by Cody McLeod.
13:47 of 1st period - Shot Blocked by Shane Sims.
13:55 of 1st period - Shane Sims is hit by Dylan McIlrath and loses puck.
14:10 of 1st period - Wrist shot by Carl Klingberg.
14:10 of 1st period - Deflect By Tyler Randell.
14:10 of 1st period - Stopped by Thomas Greiss without a rebound.
14:11 of 1st period - Christian Hanson wins face-off versus Kevin Veilleux in Patriotes zone.
14:22 of 1st period - Snap shot by Emerson Etem.
14:22 of 1st period - Shot Blocked by Connor Murphy.
14:24 of 1st period - Snap shot by Timothy Kunes.
14:24 of 1st period - Stopped by Leland Irving with a rebound.
15:01 of 1st period - Matt Gilroy is hit by David Kolomatis and loses puck.
15:08 of 1st period - Slapshot by Connor Murphy.
15:08 of 1st period - Stopped by Thomas Greiss with a rebound.
16:38 of 1st period - Wrist shot by Tyler Randell.
16:38 of 1st period - Shot Misses the Net.
16:40 of 1st period - Snap shot by Borna Rendulic.
16:40 of 1st period - Stopped by Leland Irving without a rebound.
16:41 of 1st period - Nathan Davis wins face-off versus Aleksander Barkov in Rafales zone.
17:06 of 1st period - Kevin Veilleux is hit by Emerson Etem and loses puck.
17:35 of 1st period - Wrist shot by Cody Eakin.
17:35 of 1st period - Stopped by Leland Irving without a rebound.
17:36 of 1st period - Mike Zigomanis wins face-off versus Aleksander Barkov in Rafales zone.
17:46 of 1st period - Minor Penalty to Cody McLeod for Hooking.
17:47 of 1st period - Cody Eakin wins face-off versus Mike Zigomanis in Rafales zone.
17:53 of 1st period - Snap shot by Cody Eakin.
17:53 of 1st period - Goal by Cody Eakin - Patriotes : 1 - Rafales : 1.
17:54 of 1st period - Mike Zigomanis wins face-off versus Cody Eakin in neutral zone.
17:56 of 1st period - Off-side.
17:57 of 1st period - Cody Eakin wins face-off versus Mike Zigomanis in neutral zone.
18:02 of 1st period - Wrist shot by Tyler Randell.
18:02 of 1st period - Stopped by Leland Irving with a rebound.
18:48 of 1st period - Carl Klingberg is hit by Aleksander Barkov and loses puck.
19:10 of 1st period - Wrist shot by Cedric Paquette.
19:10 of 1st period - Stopped by Thomas Greiss with a rebound.
19:14 of 1st period - Wrist shot by Chris Terry.
19:14 of 1st period - Shot Misses the Net.
19:30 of 1st period - Snap shot by Shane Sims.
19:30 of 1st period - Stopped by Leland Irving without a rebound.
19:31 of 1st period - Christian Hanson wins face-off versus Mike Zigomanis in Rafales zone.
Goals for this period are 1 for Patriotes vs 1 for Rafales.
Shots for this period are 13 for Patriotes vs 15 for Rafales.
2nd period
0:01 of 2nd period - Mike Zigomanis wins face-off versus Tyler Randell in neutral zone.
0:14 of 2nd period - Connor Murphy is hit by Tyler Randell and loses puck.
0:30 of 2nd period - Slapshot by Nathan Davis.
0:30 of 2nd period - Stopped by Thomas Greiss with a rebound.
0:32 of 2nd period - Slapshot by Brian Ferlin.
0:32 of 2nd period - Stopped by Thomas Greiss without a rebound.
0:33 of 2nd period - Tyler Randell wins face-off versus Nathan Davis in Patriotes zone.
0:49 of 2nd period - Snap shot by Cody Eakin.
0:49 of 2nd period - Shot Misses the Net.
1:05 of 2nd period - Mike Zigomanis is hit by Timothy Kunes and loses puck.
1:29 of 2nd period - Snap shot by James Marcou.
1:29 of 2nd period - Stopped by Thomas Greiss with a rebound.
1:44 of 2nd period - Icing by Joey Laleggia.
1:45 of 2nd period - Jared Knight wins face-off versus Cedric Paquette in Rafales zone.
1:46 of 2nd period - Snap shot by Cody Eakin.
1:46 of 2nd period - Shot Blocked by Joey Laleggia.
1:48 of 2nd period - Slapshot by David Kolomatis.
1:48 of 2nd period - Shot Blocked by Slater Koekkoek.
1:50 of 2nd period - Wrist shot by Shane Sims.
1:50 of 2nd period - Shot Blocked by Joey Laleggia.
1:52 of 2nd period - Slapshot by Shane Sims.
1:52 of 2nd period - Shot Misses the Net.
1:58 of 2nd period - Slapshot by Cody Eakin.
1:58 of 2nd period - Shot Misses the Net.
2:43 of 2nd period - Snap shot by Borna Rendulic.
2:43 of 2nd period - Goal by Borna Rendulic - Patriotes : 2 - Rafales : 1.
2:44 of 2nd period - Cody Eakin wins face-off versus Mike Zigomanis in neutral zone.
2:48 of 2nd period - Off-side.
2:49 of 2nd period - Mike Zigomanis wins face-off versus Cody Eakin in neutral zone.
2:51 of 2nd period - Connor Murphy is hit by Cody Eakin and loses puck.
3:18 of 2nd period - Wrist shot by Brian Ferlin.
3:18 of 2nd period - Deflect By Nathan Davis.
3:18 of 2nd period - Goal by Nathan Davis - Patriotes : 2 - Rafales : 2.
3:19 of 2nd period - Cody Eakin wins face-off versus Mike Zigomanis in neutral zone.
3:22 of 2nd period - Snap shot by Timothy Kunes.
3:22 of 2nd period - Deflect By Milan Bartovic.
3:22 of 2nd period - Stopped by Leland Irving with a rebound.
4:14 of 2nd period - Wrist shot by Aleksander Barkov.
4:14 of 2nd period - Shot Misses the Net.
4:16 of 2nd period - Wrist shot by Aleksander Barkov.
4:16 of 2nd period - Shot Misses the Net.
4:18 of 2nd period - Backhand shot by Shea Theodore.
4:18 of 2nd period - Stopped by Leland Irving without a rebound.
4:19 of 2nd period - Cody McLeod wins face-off versus Cody Eakin in Rafales zone.
4:30 of 2nd period - Wrist shot by Justin Florek.
4:30 of 2nd period - Shot Misses the Net.
4:34 of 2nd period - Wrist shot by Cody Eakin.
4:34 of 2nd period - Shot Misses the Net.
5:15 of 2nd period - Minor Penalty to Matt Gilroy for Roughing.
5:16 of 2nd period - Justin Florek wins face-off versus Mike Zigomanis in Rafales zone.
5:30 of 2nd period - Icing by Justin Florek.
5:31 of 2nd period - Mike Zigomanis wins face-off versus Cody Eakin in Patriotes zone.
5:42 of 2nd period - Backhand shot by Cody Eakin.
5:42 of 2nd period - Stopped by Leland Irving without a rebound.
5:43 of 2nd period - Cody Eakin wins face-off versus Mike Zigomanis in Rafales zone.
5:44 of 2nd period - Slapshot by Justin Florek.
5:44 of 2nd period - Goal by Justin Florek - Patriotes : 3 - Rafales : 2.
5:45 of 2nd period - Cody Eakin wins face-off versus Mike Zigomanis in neutral zone.
5:45 of 2nd period - Timothy Kunes is hit by Mike Zigomanis and loses puck.
5:57 of 2nd period - Minor Penalty to Timothy Kunes for Hooking.
5:58 of 2nd period - Cody Eakin wins face-off versus Mike Zigomanis in Patriotes zone.
6:11 of 2nd period - Slapshot by Cody McLeod.
6:11 of 2nd period - Goal by Cody McLeod - Patriotes : 3 - Rafales : 3.
6:12 of 2nd period - Cody Eakin wins face-off versus Mike Zigomanis in neutral zone.
6:15 of 2nd period - Slapshot by Anthony Bitetto.
6:15 of 2nd period - Deflect By Milan Bartovic.
6:15 of 2nd period - Stopped by Leland Irving with a rebound.
6:18 of 2nd period - Icing by Matt Gilroy.
6:19 of 2nd period - Cody Eakin wins face-off versus Mike Zigomanis in Rafales zone.
6:22 of 2nd period - Slapshot by Cody Eakin.
6:22 of 2nd period - Stopped by Leland Irving with a rebound.
6:28 of 2nd period - Tyler Randell is hit by Matt Gilroy.
6:51 of 2nd period - Double Minor Penalty to Matt Gilroy for Roughing.
6:52 of 2nd period - Cody Eakin wins face-off versus Mike Zigomanis in Rafales zone.
7:37 of 2nd period - Carl Klingberg is hit by David Kolomatis and loses puck.
9:05 of 2nd period - Austin Watson is hit by Dylan McIlrath and loses puck.
10:51 of 2nd period - Penalty to Matt Gilroy is over, Matt Gilroy is back on ice.
10:58 of 2nd period - Julian Melchiori is hit by Ryan Fitzgerald and loses puck.
11:15 of 2nd period - Timothy Kunes is hit by Matt Gilroy and loses puck.
12:11 of 2nd period - Aaron Ness is hit by James Marcou and loses puck.
12:55 of 2nd period - Austin Watson is hit by Dylan McIlrath and loses puck.
13:08 of 2nd period - Anthony Bitetto is hit by Brian Ferlin and loses puck.
13:21 of 2nd period - Julian Melchiori is hit by Borna Rendulic and loses puck.
14:34 of 2nd period - Minor Penalty to Akim Aliu for Hooking.
14:35 of 2nd period - Christian Hanson wins face-off versus Mike Zigomanis in Rafales zone.
14:45 of 2nd period - Snap shot by Emerson Etem.
14:45 of 2nd period - Shot Misses the Net.
14:47 of 2nd period - Snap shot by Austin Watson.
14:47 of 2nd period - Deflect By Matt Gilroy.
14:47 of 2nd period - Shot Blocked by Matt Gilroy.
14:47 of 2nd period - Puck is out of play.
14:48 of 2nd period - Cody Eakin wins face-off versus Mike Zigomanis in Rafales zone.
15:23 of 2nd period - Wrist shot by Emerson Etem.
15:23 of 2nd period - Shot Blocked by Julian Melchiori.
16:10 of 2nd period - Wrist shot by Emerson Etem.
16:10 of 2nd period - Stopped by Leland Irving without a rebound.
16:11 of 2nd period - Mike Zigomanis wins face-off versus Cody Eakin in Rafales zone.
16:26 of 2nd period - Slapshot by Cody Eakin.
16:26 of 2nd period - Shot Blocked by Cody McLeod.
16:34 of 2nd period - Penalty to Akim Aliu is over, Akim Aliu is back on ice.
17:05 of 2nd period - Off-side.
17:06 of 2nd period - Kevin Veilleux wins face-off versus Jared Knight in neutral zone.
17:32 of 2nd period - Shea Theodore is hit by Carl Klingberg and loses puck.
17:46 of 2nd period - Aaron Ness is hit by Julian Melchiori and loses puck.
17:57 of 2nd period - Snap shot by Cody Eakin.
17:57 of 2nd period - Deflect By Jared Knight.
17:57 of 2nd period - Shot Misses the Net.
17:57 of 2nd period - Puck is out of play.
17:58 of 2nd period - Mike Zigomanis wins face-off versus Christian Hanson in Rafales zone.
18:10 of 2nd period - Austin Watson is hit by Connor Murphy and loses puck.
18:23 of 2nd period - Mario Lucia is hit by James Sheppard and loses puck.
19:00 of 2nd period - Slapshot by Emerson Etem.
19:00 of 2nd period - Stopped by Leland Irving with a rebound.
19:28 of 2nd period - Nathan Davis is hit by Timothy Kunes and loses puck.
19:45 of 2nd period - Snap shot by James Marcou.
19:45 of 2nd period - Stopped by Thomas Greiss with a rebound.
Goals for this period are 2 for Patriotes vs 2 for Rafales.
Shots for this period are 9 for Patriotes vs 6 for Rafales.
3rd period
0:01 of 3rd period - Mike Zigomanis wins face-off versus Cody Eakin in neutral zone.
0:42 of 3rd period - Snap shot by Milan Bartovic.
0:42 of 3rd period - Shot Misses the Net.
0:44 of 3rd period - Snap shot by Cody McLeod.
0:44 of 3rd period - Shot Misses the Net.
0:46 of 3rd period - Slapshot by Cody McLeod.
0:46 of 3rd period - Shot Misses the Net.
0:48 of 3rd period - Wrist shot by Cody McLeod.
0:48 of 3rd period - Stopped by Thomas Greiss with a rebound.
0:50 of 3rd period - Wrist shot by Milan Bartovic.
0:50 of 3rd period - Shot Blocked by Timothy Kunes.
0:52 of 3rd period - Slapshot by Connor Murphy.
0:52 of 3rd period - Shot Blocked by Mario Lucia.
0:54 of 3rd period - Snap shot by Matt Gilroy.
0:54 of 3rd period - Deflect By Mike Zigomanis.
0:54 of 3rd period - Goal by Mike Zigomanis - Patriotes : 3 - Rafales : 4.
0:55 of 3rd period - Cody Eakin wins face-off versus Nathan Davis in neutral zone.
1:06 of 3rd period - Slapshot by Shane Sims.
1:06 of 3rd period - Stopped by Leland Irving without a rebound.
1:07 of 3rd period - Cody Eakin wins face-off versus Nathan Davis in Rafales zone.
1:36 of 3rd period - Wrist shot by Christian Hanson.
1:36 of 3rd period - Deflect By Austin Watson.
1:36 of 3rd period - Shot Blocked by Mike Zigomanis.
1:36 of 3rd period - Puck is out of play.
1:37 of 3rd period - Cody Eakin wins face-off versus Mike Zigomanis in Rafales zone.
1:42 of 3rd period - Snap shot by Tyler Randell.
1:42 of 3rd period - Shot Misses the Net.
2:31 of 3rd period - Slapshot by Julian Melchiori.
2:31 of 3rd period - Shot Misses the Net.
2:49 of 3rd period - Wrist shot by Akim Aliu.
2:49 of 3rd period - Stopped by Thomas Greiss with a rebound.
3:04 of 3rd period - Off-side.
3:05 of 3rd period - Cody Eakin wins face-off versus Mike Zigomanis in neutral zone.
3:13 of 3rd period - Snap shot by Cody McLeod.
3:13 of 3rd period - Stopped by Thomas Greiss with a rebound.
3:55 of 3rd period - Wrist shot by Aleksander Barkov.
3:55 of 3rd period - Deflect By Borna Rendulic.
3:55 of 3rd period - Stopped by Leland Irving with a rebound.
4:20 of 3rd period - Aleksander Barkov is hit by Cody McLeod and loses puck.
4:54 of 3rd period - Emerson Etem is hit by James Sheppard and loses puck.
5:20 of 3rd period - Icing by James Marcou.
5:21 of 3rd period - Ryan Fitzgerald wins face-off versus Mike Zigomanis in Rafales zone.
5:32 of 3rd period - Backhand shot by Justin Florek.
5:32 of 3rd period - Shot Hit the Post.
6:07 of 3rd period - Slapshot by Christian Hanson.
6:07 of 3rd period - Stopped by Leland Irving without a rebound.
6:08 of 3rd period - Kevin Veilleux wins face-off versus Mario Lucia in Rafales zone.
6:08 of 3rd period - Kevin Veilleux is hit by Aleksander Barkov.
6:16 of 3rd period - Wrist shot by Carl Klingberg.
6:16 of 3rd period - Stopped by Thomas Greiss with a rebound.
6:50 of 3rd period - Justin Florek is hit by Dylan McIlrath and loses puck.
7:45 of 3rd period - Slapshot by Mike Zigomanis.
7:45 of 3rd period - Shot Misses the Net.
7:47 of 3rd period - Snap shot by Mike Zigomanis.
7:47 of 3rd period - Stopped by Thomas Greiss with a rebound.
7:49 of 3rd period - Slapshot by Julian Melchiori.
7:49 of 3rd period - Shot Misses the Net.
7:51 of 3rd period - Slapshot by Dylan McIlrath.
7:51 of 3rd period - Shot Misses the Net.
7:53 of 3rd period - Wrist shot by Mike Zigomanis.
7:53 of 3rd period - Goal by Mike Zigomanis - Patriotes : 3 - Rafales : 5.
7:54 of 3rd period - Cody Eakin wins face-off versus Nathan Davis in neutral zone.
8:05 of 3rd period - Snap shot by Tyler Randell.
8:05 of 3rd period - Shot Misses the Net.
8:15 of 3rd period - Minor Penalty to Timothy Kunes for Roughing.
8:16 of 3rd period - Nathan Davis wins face-off versus Cody Eakin in Patriotes zone.
8:45 of 3rd period - Tyler Randell is hit by Milan Bartovic.
9:51 of 3rd period - Matt Gilroy is hit by Austin Watson and loses puck.
10:15 of 3rd period - Penalty to Timothy Kunes is over, Timothy Kunes is back on ice.
10:46 of 3rd period - Snap shot by Timothy Kunes.
10:46 of 3rd period - Shot Misses the Net.
10:54 of 3rd period - Wrist shot by Carl Klingberg.
10:54 of 3rd period - Stopped by Thomas Greiss without a rebound.
10:55 of 3rd period - Aleksander Barkov wins face-off versus Cedric Paquette in Patriotes zone.
11:21 of 3rd period - Connor Murphy is hit by Shane Sims and loses puck.
11:40 of 3rd period - Nathan Davis is hit by Austin Watson and loses puck.
12:11 of 3rd period - Wrist shot by Aleksander Barkov.
12:11 of 3rd period - Goal by Aleksander Barkov - Patriotes : 4 - Rafales : 5.
12:12 of 3rd period - Mike Zigomanis wins face-off versus Cody Eakin in neutral zone.
12:37 of 3rd period - David Kolomatis is hit by Nathan Davis and loses puck.
12:43 of 3rd period - Icing by David Kolomatis.
12:44 of 3rd period - Christian Hanson wins face-off versus Nathan Davis in Patriotes zone.
12:50 of 3rd period - David Kolomatis is hit by Connor Murphy and loses puck.
12:59 of 3rd period - Snap shot by Emerson Etem.
12:59 of 3rd period - Stopped by Leland Irving with a rebound.
13:47 of 3rd period - Austin Watson is hit by Matt Gilroy and loses puck.
13:55 of 3rd period - Off-side.
13:56 of 3rd period - Cody Eakin wins face-off versus Nathan Davis in neutral zone.
14:03 of 3rd period - Snap shot by Cody Eakin.
14:03 of 3rd period - Stopped by Leland Irving without a rebound.
14:04 of 3rd period - Cody Eakin wins face-off versus Nathan Davis in Rafales zone.
14:11 of 3rd period - Wrist shot by Cody Eakin.
14:11 of 3rd period - Deflect By Tyler Randell.
14:11 of 3rd period - Shot Misses the Net.
14:11 of 3rd period - Puck is out of play.
14:12 of 3rd period - Cody Eakin wins face-off versus Nathan Davis in Rafales zone.
14:46 of 3rd period - Snap shot by Borna Rendulic.
14:46 of 3rd period - Shot Misses the Net.
14:48 of 3rd period - Wrist shot by Timothy Kunes.
14:48 of 3rd period - Deflect By Mike Zigomanis.
14:48 of 3rd period - Stopped by Leland Irving with a rebound.
15:20 of 3rd period - Wrist shot by Cedric Paquette.
15:20 of 3rd period - Deflect By Chris Terry.
15:20 of 3rd period - Shot Misses the Net.
15:20 of 3rd period - Puck is out of play.
15:21 of 3rd period - Cedric Paquette wins face-off versus Aleksander Barkov in Patriotes zone.
15:34 of 3rd period - Wrist shot by Shane Sims.
15:34 of 3rd period - Deflect By Julian Melchiori.
15:34 of 3rd period - Goal by Shane Sims - Patriotes : 5 - Rafales : 5.
15:35 of 3rd period - Kevin Veilleux wins face-off versus Cody Eakin in neutral zone.
15:54 of 3rd period - Kevin Veilleux is hit by Justin Florek and loses puck.
17:07 of 3rd period - Austin Watson is hit by Dylan McIlrath and loses puck.
17:21 of 3rd period - Minor Penalty to Cody Eakin for Slashing.
17:22 of 3rd period - Mike Zigomanis wins face-off versus Tyler Randell in Patriotes zone.
17:36 of 3rd period - Timothy Kunes is hit by Milan Bartovic and loses puck.
18:35 of 3rd period - Austin Watson is hit by James Sheppard and loses puck.
18:44 of 3rd period - Slapshot by Brian Ferlin.
18:44 of 3rd period - Stopped by Thomas Greiss without a rebound.
18:45 of 3rd period - Mike Zigomanis wins face-off versus Maxim Mamin in Patriotes zone.
18:56 of 3rd period - Milan Bartovic is hit by Anthony Bitetto and loses puck.
19:21 of 3rd period - Penalty to Cody Eakin is over, Cody Eakin is back on ice.
19:27 of 3rd period - Slapshot by David Kolomatis.
19:27 of 3rd period - Stopped by Leland Irving with a rebound.
Goals for this period are 2 for Patriotes vs 2 for Rafales.
Shots for this period are 9 for Patriotes vs 9 for Rafales.
Overtime #1
0:01 of 1st overtime period - Tyler Randell wins face-off versus Mike Zigomanis in neutral zone.
1:56 of 1st overtime period - Off-side.
1:57 of 1st overtime period - Cody Eakin wins face-off versus Mike Zigomanis in neutral zone.
2:27 of 1st overtime period - Connor Murphy is hit by Ryan Fitzgerald and loses puck.
2:44 of 1st overtime period - Carl Klingberg is hit by Ryan Fitzgerald.
3:40 of 1st overtime period - Dylan McIlrath is hit by Emerson Etem and loses puck.
4:22 of 1st overtime period - Slapshot by Aaron Ness.
4:22 of 1st overtime period - Shot Blocked by Carl Klingberg.
4:57 of 1st overtime period - Anthony Bitetto is hit by Cody McLeod and loses puck.
Goals for this period are 0 for Patriotes vs 0 for Rafales.
Shots for this period are 0 for Patriotes vs 0 for Rafales.
ShootOut
5:00 of 1st overtime period - Round #1.
5:00 of 1st overtime period - Patriotes, Cody Eakin.
5:00 of 1st overtime period - Snap shot by Cody Eakin.
5:00 of 1st overtime period - Shot Misses the Net.
5:00 of 1st overtime period - Rafales, Mike Zigomanis.
5:00 of 1st overtime period - Wrist shot by Mike Zigomanis.
5:00 of 1st overtime period - Stopped by Thomas Greiss.
5:00 of 1st overtime period - Round #2.
5:00 of 1st overtime period - Patriotes, Tyler Randell.
5:00 of 1st overtime period - Backhand shot by Tyler Randell.
5:00 of 1st overtime period - Shot Misses the Net.
5:00 of 1st overtime period - Rafales, Cody McLeod.
5:00 of 1st overtime period - Deke by Cody McLeod.
5:00 of 1st overtime period - Shot Misses the Net.
5:00 of 1st overtime period - Round #3.
5:00 of 1st overtime period - Patriotes, Christian Hanson.
5:00 of 1st overtime period - Deke by Christian Hanson.
5:00 of 1st overtime period - Goal by Christian Hanson.
5:00 of 1st overtime period - Rafales, James Sheppard.
5:00 of 1st overtime period - Deke by James Sheppard.
5:00 of 1st overtime period - Shot Misses the Net.
Back to the Top